 Dungeon Crawl Stone Soup version 0.21.1-1-g345015fe64 (webtiles) character file.

201 Gargoyl the Skirmisher (level 5, -1/69 HPs)
             Began as a Centaur Abyssal Knight on May 15, 2018.
             Was a Believer of Lugonu.
             Slain by Froggeryz's ghost (5 damage)
             ... on level 4 of the Dungeon.
             The game lasted 00:04:33 (3519 turns).

Gargoyl the Skirmisher (Centaur Abyssal Knight)     Turns: 3519, Time: 00:04:34

Health: -1/69      AC: 22    Str: 14    XL:     5   Next: 50%
Magic:  7/7        EV:  1    Int: 11    God:    Lugonu [**....]
Gold:   96         SH:  2    Dex: 10    Spells: 4/4 levels left

rFire    . . .     SeeInvis .   a - +2 hand axe
rCold    . . .     Gourm    .   (no shield)
rNeg     + + +     Faith    .   (armour currently unavailable)
rPois    +         Spirit   .   (helmet currently unavailable)
rElec    .         Reflect  +   (cloak currently unavailable)
rCorr    .         Harm     .   (gloves currently unavailable)
MR       .....     NoTele   +   (no barding)
Stlth    +.........             i - +2 amulet of reflection
HPRegen  0.21/turn              (no ring)
MPRegen  0.10/turn              (no ring)

@: tree-form, very slightly contaminated, invisible
A: large
a: Depart the Abyss, Bend Space, Renounce Religion


You were on level 4 of the Dungeon.
You worshipped Lugonu.
Lugonu was pleased with you.
You were hungry.
You were a tree.
You visited 1 branch of the dungeon, and saw 4 of its levels.
You visited the Abyss 1 time.

You collected 96 gold pieces.

Inventory:

Hand Weapons
 a - a +2 hand axe (weapon)
Missiles
 l - a javelin (quivered)
Armour
 h - a +1 ring mail (melded)
Jewellery
 i - a +2 amulet of reflection (around neck)
Scrolls
 j - a scroll of identify
Potions
 f - a potion of experience
 g - 3 potions of mutation {unknown}
 k - a potion of haste {unknown}
Comestibles
 c - 6 rations


   Skills:
 + Level 4.1 Fighting
 + Level 2.9 Axes
 * Level 2.7 Armour
 + Level 1.0 Dodging
 * Level 2.7 Invocations


You had 4 spell levels left.
You didn't know any spells.

Dungeon Overview and Level Annotations

Branches:
Dungeon (4/15)
 Temple: D:4-7

Altars:
Dithmenos
Sif Muna

Annotations:
D:4 Froggeryz's ghost, amateur MiFi


Innate Abilities, Weirdness & Mutations

((You have hooves in place of feet.))
((Armour fits poorly on your strangely shaped body.))
((You cover ground very quickly.))
((You have extremely tough skin. (AC +3)))


Message History

* * * LOW HITPOINT WARNING * * *
It was a potion of invisibility.
You fade into invisibility!
Froggeryz's ghost barely misses you.
You are very lightly contaminated with residual magic.
You barely miss Froggeryz's ghost.
Froggeryz's ghost is moderately damaged.
You block Froggeryz's ghost's attack.
You hit Froggeryz's ghost but do no damage.
Froggeryz's ghost is moderately damaged.
Froggeryz's ghost hits you!
* * * LOW HITPOINT WARNING * * *
You hit Froggeryz's ghost.
Froggeryz's ghost is moderately damaged.
Froggeryz's ghost hits you!
* * * LOW HITPOINT WARNING * * *
You hit Froggeryz's ghost but do no damage.
Froggeryz's ghost is moderately damaged.
Froggeryz's ghost hits you.
You die...

#.# # #.# #.#.#
#.#.# ##### ...#
#... #.#####.###
####......♣.!#
#.........W.......
#.##.######(###...
#.##.# (# . #.##.#
.. #.##.# ..#
#.##.# ...
####†##.. .((.
#....##.#


You could see Froggeryz's ghost.

Vanquished Creatures
  A quasit (Abyss:1)
  An orc wizard (D:3)
  2 worker ants (D:4)
  3 adders
  A worm (D:3)
  A dart slug (D:1)
  A leopard gecko (D:2)
  3 orcs (D:3)
  2 ball pythons
  5 giant cockroaches
  8 goblins
  7 hobgoblins
  2 jackals (D:3)
  11 kobolds
  2 quokkas
  7 bats
  A frilled lizard (D:1)
  4 rats
62 creatures vanquished.

Notes
Turn   | Place    | Note
-------+----------+-------------------------------------------
     0 | Abyss:1  | Gargoyl the Centaur Abyssal Knight began the quest for the Orb.
     0 | Abyss:1  | Reached XP level 1. HP: 19/19 MP: 2/2
   104 | Abyss:1  | Noticed a quasit
   118 | Abyss:1  | Killed a quasit
   118 | Abyss:1  | Reached XP level 2. HP: 21/27 MP: 3/3
   118 | Abyss:1  | Reached XP level 3. HP: 26/33 MP: 4/4
   125 | Abyss:1  | Noticed a profane servitor
   128 | D:1      | Escaped the Abyss
   308 | D:1      | Reached * piety under Lugonu
  1391 | D:2      | Found a shadowy altar of Dithmenos.
  1516 | D:2      | Reached XP level 4. HP: 37/40 MP: 5/5
  1713 | D:2      | Reached skill level 4 in Fighting
  2396 | D:3      | Reached ** piety under Lugonu
  2520 | D:3      | Found a deep blue altar of Sif Muna.
  2605 | D:3      | Found a faded altar of an unknown god.
  2633 | D:3      | Reached skill level 1 in Dodging
  2633 | D:3      | Reached XP level 5. HP: 19/46 MP: 7/7
  3503 | D:4      | Noticed Froggeryz's ghost (amateur MiFi)
  3519 | D:4      | Slain by Froggeryz's ghost

Skill      XL: |  1  2  3  4 |
---------------+-------------+-----
Axes           | 2 |  2.9
Armour         | 2 |  2.7
Fighting       | 4 |  4.1
Dodging        | 1 |  1.0
Invocations    | |  2.7

Action                   |  1- 3 |  4- 6 || total
-------------------------+-------+-------++-------
Melee: Hand axe          |    84 |    87 ||   171
       Kick              |     9 |    15 ||    24
Throw: Tomahawk          |       |     5 ||     5
       Javelin           |       |     2 ||     2
Invok: Depart the Abyss  |     1 |       ||     1
  Use: Scroll            |     5 |     3 ||     8
       Potion            |       |     2 ||     2
  Eat: Ration            |     1 |       ||     1
       Chunk             |       |     2 ||     2
Armor: Leather armour    |    32 |       ||    32
       Ring mail         |    44 |    46 ||    90
Dodge: Dodged            |    62 |    36 ||    98
Block: Other             |       |     2 ||     2
